Map: World of Sleepers LE

Players

Kildzhen

  • Race: Zerg Zerg
  • League: Master
  • Spawn Location: 7:00

Robotikov - Winner!

  • Race: Terran Terran
  • Spawn Location: 1:00

VOD

Have the link to the VOD?

Description

Time

  • Played on: Oct. 6, 2019, 4:07 a.m.
  • Length: 8:10
Show
View Real Time Build Order
Export as new Build Order

Kildzhen Zerg 

Build Orders: Pool First, Roach Nydus 

Get SALT Encoding   

  12  0:01  Drone  
  13  0:12  Overlord  
  13  0:19  Drone  
  14  0:30  Drone  
  14  0:31  Drone  
  16  0:42  Spawning Pool  
  15  0:45  Drone  
  15  0:48  Drone  
  17  1:10  Hatchery  
  16  1:12  Drone  
  16  1:15  Extractor  
  16  1:29  Zergling x6  
  16  1:32  Queen  
  21  1:39  Overlord  
  21  1:52  Drone  
  22  2:04  Drone  
  23  2:13  Drone  
  24  2:18  Queen  
  24  2:22  Queen, Drone  
  27  2:25  Metabolic Boost  
  26  2:59  Roach Warren, Drone x3  
  26  3:02  Overlord  
  28  3:06  Queen  
  28  3:07  Drone  
  28  3:08  Drone  
  32  3:15  Drone  
  33  3:30  Drone x3  
  33  3:31  Overlord  
  36  3:38  Extractor  
  36  3:41  Drone x2  
  36  3:42  Drone  
  36  3:43  Roach x2  
  36  3:46  Roach  
  44  3:50  Roach  
  44  3:55  Roach  
  48  3:57  Roach  
  50  4:09  Roach  
  52  4:12  Overlord  
  52  4:16  Overlord  
  52  4:20  Overlord  
  52  4:23  Lair  
  52  4:38  Ravager x2  
  52  4:42  Ravager  
  52  4:45  Zergling x8  
  58  4:46  Zergling x10  
  58  4:48  Drone x2  
  58  4:50  Drone  
  63  5:20  Roach  
  63  5:21  Roach  
  52  5:30  Drone x2  
  52  5:34  Roach x3  
  60  5:36  Nydus Network  
  60  5:42  Drone x2  
  61  5:44  Roach x2  
  65  5:52  Roach x2  
  65  5:53  Drone  
  65  5:54  Drone  
  65  5:56  Extractor  
  70  5:58  Extractor  
  70  6:02  Overseer  
  69  6:05  Queen x2  
  69  6:06  Overlord  
  73  6:14  Nydus Canal  
  73  6:16  Roach  
  73  6:18  Zergling x2  
  76  6:20  Overlord  
  76  6:23  Spore Crawler  
  76  6:24  Drone  
  72  6:36  Roach x2  
  72  6:39  Zergling x8  
  81  6:40  Zergling x6  
  81  6:42  Spore Crawler  
  80  6:52  Zergling x6  
  78  6:55  Drone  
  78  7:01  Queen x2  
  77  7:04  Zergling x6  
  77  7:05  Zergling x6  
  66  7:17  Spore Crawler  
  55  7:24  Zergling x4  
  50  7:48  Hatchery  
Show
View Real Time Build Order
Export as new Build Order

Robotikov Terran - Winner!

Build Orders: Reaper Expand, Hellion Banshee 

Get SALT Encoding   

  12  0:00  SCV  
  13  0:12  SCV  
  14  0:17  Supply Depot  
  14  0:24  SCV  
  15  0:38  SCV  
  15  0:39  Barracks  
  16  0:44  Refinery  
  16  0:51  SCV  
  17  1:03  SCV  
  18  1:15  SCV  
  19  1:27  Orbital Command, Reaper  
  20  1:39  Command Center  
  20  1:52  SCV, Supply Depot  
  21  1:58  Marine  
  22  2:08  Bunker  
  21  2:19  SCV  
  22  2:23  Barracks Reactor  
  22  2:26  Factory  
  22  2:32  SCV  
  23  2:42  Refinery  
  23  2:44  SCV  
  24  2:53  Orbital Command  
  24  2:56  SCV  
  25  3:08  SCV  
  25  3:11  Starport  
  26  3:16  Hellion  
  26  3:17  Marine, Hellion  
  26  3:18  SCV  
  32  3:23  SCV  
  33  3:31  SCV  
  34  3:35  SCV  
  34  3:38  Supply Depot, Hellion x2  
  39  3:43  SCV  
  39  3:47  Viking  
  42  3:51  Barracks Tech Lab  
  42  3:52  Fusion Core  
  42  4:01  SCV x2  
  42  4:02  Supply Depot  
  44  4:06  Hellion x2  
  48  4:15  Supply Depot  
  50  4:22  SCV x2  
  50  4:24  Banshee  
  50  4:25  Marine  
  50  4:27  Hellion  
  50  4:28  Hellion  
  58  4:35  SCV x2  
  60  4:46  Refinery  
  60  4:47  SCV x2  
  60  4:50  Supply Depot  
  60  4:51  Supply Depot  
  62  4:56  Hellion x2  
  62  5:11  SCV x2  
  60  5:17  Hellion  
  60  5:18  Hellion  
  58  5:24  SCV x2  
  60  5:30  Command Center  
  60  5:34  Battlecruiser  
  66  5:36  SCV x2  
  68  5:48  SCV x2, Supply Depot  
  68  5:49  Supply Depot  
  70  5:57  Refinery  
  70  6:05  Weapon Refit  
  70  6:10  SCV x2, Hellion x2  
  76  6:17  Barracks Tech Lab  
  76  6:22  SCV x2, Factory  
  78  6:26  Factory  
  78  6:36  Hellion  
  78  6:37  Hellion  
  78  6:38  SCV x2  
  82  6:46  SCV  
  82  6:50  SCV  
  82  6:51  Battlecruiser  
  81  6:58  Hellion x2  
  69  7:11  Hellion  
  56  7:25  Orbital Command  
  56  7:26  SCV  
  57  7:33  SCV  
  55  7:38  SCV  
  56  7:45  SCV  
  56  7:50  SCV  
Tags
 
Add a new tag
Caveats
  • Supply blocks, unpowered buildings, or Contaminate may cause inaccurate times.
  • Supply counts are checked every 10 seconds.